 Dungeon Crawl Stone Soup version 0.31.0-11-ge490571c62 (webtiles) character file.

Game seed: 15519954514692799170

2384 jasper the Carver (level 9, -5/66 HPs)
             Began as a Vampire Gladiator on Jan 31, 2024.
             Was a Believer of Makhleb.
             Killed from afar by an acid dragon (23 damage)
             ... with a splash of acid
             ... on level 8 of the Dungeon.
             The game lasted 00:14:41 (5761 turns).

jasper the Carver (Vampire Gladiator)               Turns: 5761, Time: 00:14:41

Health: -5/66      AC:  3    Str: 13    XL:     9   Next: 22%
Magic:  9/9        EV: 14    Int: 10    God:    Makhleb [**....]
Gold:   353        SH:  0    Dex: 20    Spells: 8/8 levels left

rFire   . . .        K - +0 scimitar
rCold   . . .        (no shield)
rNeg    . . .        p - +0 ring mail
rPois   .            G - +0 helmet
rElec   .            (no cloak)
rCorr   .            (no gloves)
SInv    +            H - +0 pair of boots
Will    .....        r - amulet of the acrobat
Stlth   +++          (no ring)
HPRegen 0.51/turn    (no ring)
MPRegen 0.11/turn

%: acrobat
@: corroded, healing quickly, studying Ranged Weapons
A: alive, fangs 3, see invisible, vampiric 2
a: Exsanguinate, Renounce Religion, Minor Destruction


You were on level 8 of the Dungeon.
You worshipped Makhleb.
Makhleb was pleased with you.
You visited 2 branches of the dungeon, and saw 9 of its levels.

You collected 353 gold pieces.

Inventory:

Hand Weapons
 a - a +0 long sword of protection
 n - a +0 rapier
 D - a +2 falchion
 J - a +3 great sword
 K - a +0 scimitar (weapon)
Missiles
 d - 2 throwing nets
 e - a javelin
 o - 28 stones (quivered)
 x - 5 poisoned darts
Armour
 b - a +0 leather armour
 c - a +0 helmet
 p - a +0 ring mail (worn)
 G - a +0 helmet (worn)
 H - a +0 pair of boots (worn)
Jewellery
 r - an amulet of the acrobat (around neck)
Wands
 L - a wand of charming (11)
Scrolls
 g - a scroll of vulnerability
 j - a scroll of teleportation
 k - a scroll of revelation
 t - 2 scrolls of brand weapon
 y - a scroll of immolation
 A - a scroll of enchant armour {unknown}
 E - 2 scrolls of identify
 F - a scroll of poison
 I - a scroll of amnesia
Potions
 h - 3 potions of brilliance
 i - 4 potions of magic
 l - a potion of resistance
 m - a potion of degeneration {unknown}
 q - 2 potions of haste {unknown}
 s - 2 potions of heal wounds
 u - a potion of invisibility {unknown}
 v - a potion of curing {unknown}
 w - a potion of mutation {unknown}
 z - 2 potions of might {unknown}
 B - a potion of enlightenment {unknown}
 C - a potion of berserk rage {unknown}
 M - a potion of lignification {unknown}


   Skills:
 + Level 4.3 Fighting
 * Level 10.5 Long Blades
 - Level 1.5 Throwing
 + Level 5.8 Dodging
 - Level 5.6 Stealth


You had 8 spell levels left.
You didn't know any spells.
Your spell library contained the following spells:

 Spells                   Type           Power      Damage    Failure   Level
 Apportation              Tloc           0%         N/A       63%         1
 Necrotise                Necr           0%         1d4       63%         1
 Sting                    Conj/Alch      0%         1d3       63%         1
 Summon Small Mammal      Summ           0%         N/A       63%         1
 Ensorcelled Hibernation  Hex/Ice        0%         N/A       77%         2
 Jinxbite                 Hex            0%         N/A       77%         2
 Static Discharge         Conj/Air       0%         3-3/arc   77%         2
 Frozen Ramparts          Ice            0%         1d1       94%         3
 Passwall                 Erth           0%         N/A       94%         3
 Swiftness                Air            0%         N/A       94%         3
 Airstrike                Air            0%         2d(0-16)  100%        4
 Animate Armour           Summ/Erth      0%         N/A       100%        4
 Leda's Liquefaction      Alch/Erth      0%         N/A       100%        4
 Petrify                  Alch/Erth      0%         N/A       100%        4
 Summon Lightning Spire   Summ/Air       0%         N/A       100%        4
 Alistair's Intoxication  Alch           0%         N/A       100%        5
 Lee's Rapid Deconstruct  Erth           0%         3d4*      100%        5
 Metabolic Englaciation   Hex/Ice        0%         N/A       100%        5
 Haunt                    Necr/Summ      0%         N/A       100%        7
 Borgnjor's Revivificati  Necr           Unusable   N/A       N/A         8
 Death's Door             Necr           Unusable   N/A       N/A         9

Dungeon Overview and Level Annotations

Branches:
Dungeon (8/15)             Temple (1/1) D:4
   Lair: D:8-11

Altars:
Ashenzari
Cheibriados
Fedhas
Gozag
Hepliaklqana
Kikubaaqudgha
Makhleb
Nemelex Xobeh
Okawaru
Ru
Sif Muna
Trog
Uskayaw
Vehumet
Wu Jian
Xom
Yredelemnul

Annotations:
D:3 2 transporters, stipulation's ghost, amateur VSNe
D:4 Pikel
D:5 3 runed translucent doors, exclusion: water moccasin, Cadnt's ghost, novice HuMo; Dowan


Innate Abilities, Weirdness & Mutations

Your natural rate of healing is accelerated.
You have razor-sharp teeth.
You have supernaturally acute eyesight. (SInv)
You are afflicted with vampirism and can become a bat while bloodless.


Message History

Orders for allies: a - Attack new target. r - Retreat! s - Stop attacking. g - Guard the area. f - Follow me.
Anything else - Cancel.
Okay, then.
Things that are here:
a +0 short sword; an orc corpse
There is a stone staircase leading up here.
You climb upwards.
There is a stone staircase leading down here.
You start resting.
HP restored.
You climb downwards.
There is a stone staircase leading up here.
You start waiting.
An acid dragon is nearby!
You throw a stone. The acid dragon roars!
The stone hits the acid dragon but does no damage.
The acid dragon spits acid at you. The splash of acid hits you!!
You slash the acid dragon! You bite the acid dragon.
The acid dragon is heavily wounded.
The acid dragon misses you.
The acid dragon claws you but does no damage.
You closely miss the acid dragon.
The acid dragon is heavily wounded.
The acid dragon spits acid at you. The splash of acid hits you!!
* * * LOW HITPOINT WARNING * * *
The acid corrodes you!
You hit the acid dragon but do no damage.
You bite the acid dragon, but do no damage.
The acid dragon is heavily wounded.
The acid dragon closely misses you. The acid dragon barely misses you.
You hit the acid dragon but do no damage.
The acid dragon is heavily wounded.
The acid dragon spits acid at you. The splash of acid hits you!!
You die...

##.....#### #....
#........###.....
##................
###.....####........
........# #........
........####........
###....###.).....##.
###.D..)......##
#..@........#
#.#.........# #.
###<.....## ..
###....# ## ###...#
.##.# ## #.


You could see an acid dragon (catching breath).

Vanquished Creatures
  A wyvern (D:7)
  A water moccasin (D:7)
  An acid dragon (D:7)
  3 black bears
  An ogre (D:5)
  A lemure (D:3)
  A phantom (D:6)
  2 bullfrogs (D:7)
  Blork the orc (D:6)
  A scorpion (D:7)
  5 wights
  4 killer bees (D:7)
  A howler monkey (D:6)
  An orc priest (D:5)
  2 hounds
  2 gnoll boudas
  4 jellies
  6 iguanas
  A sleepcap (D:5)
  Ijyb (D:5)
  An orc wizard (D:7)
  5 gnolls
  7 adders
  A white imp (D:7)
  2 ufetubi (D:7)
  2 ribbon worms
  15 orcs
  7 ball pythons
  6 bats
  An endoplasm (D:1)
  2 giant cockroaches
  3 goblins
  7 hobgoblins
  2 quokkas
  5 frilled lizards
  4 kobolds
  A rat (D:3)
111 creatures vanquished.

Vanquished Creatures (collateral kills)
  Eustachio (D:4)
  A wight (D:6)
  An adder (D:6)
3 creatures vanquished.

Vanquished Creatures (others)
  A wight (D:6)
  A gnoll (D:6)
2 creatures vanquished.

Grand Total: 116 creatures vanquished

Notes
Turn   | Place    | Note
-------+----------+-------------------------------------------
     0 | D:1      | jasper the Vampire Gladiator began the quest for the Orb.
     0 | D:1      | Reached XP level 1. HP: 16/16 MP: 1/1
    52 | D:1      | Reached skill level 1 in Stealth
   470 | D:1      | Reached XP level 2. HP: 22/22 MP: 2/2
   510 | D:1      | You fall into a shaft and drop 1 floor!
   792 | D:2      | Gained mutation: You are afflicted with vampirism and can
                  | become a bat while bloodless. [Vampire growth]
   792 | D:2      | Reached XP level 3. HP: 27/27 MP: 3/3
  1005 | D:2      | Reached skill level 5 in Stealth
  1823 | D:3      | Noticed stipulation's ghost (amateur VSNe)
  1826 | D:3      | Found a transporter.
  1896 | D:3      | Found a transporter.
  2158 | D:3      | Reached XP level 4. HP: 30/33 MP: 4/4
  2837 | D:4      | Found a staircase to the Ecumenical Temple.
  2837 | D:4      | Noticed Eustachio
  2853 | Temple   | Entered the Ecumenical Temple
  2884 | Temple   | Became a worshipper of Makhleb the Destroyer
  2936 | D:4      | Killed Eustachio
  2937 | D:4      | Reached skill level 5 in Long Blades
  2937 | D:4      | Reached XP level 5. HP: 15/38 MP: 5/5
  3172 | D:4      | Reached XP level 6. HP: 42/44 MP: 6/6
  3176 | D:4      | Noticed Pikel
  3316 | D:5      | Entered Level 5 of the Dungeon
  3316 | D:5      | Noticed a water moccasin
  3430 | D:5      | Found a runed translucent gate.
  3430 | D:5      | Found a runed translucent gate.
  3431 | D:5      | Found a runed translucent gate.
  3530 | D:5      | Reached skill level 6 in Long Blades
  3609 | D:5      | Noticed Ijyb
  3617 | D:5      | Killed Ijyb
  3740 | D:5      | Reached skill level 7 in Long Blades
  3740 | D:5      | Reached XP level 7. HP: 39/49 MP: 7/7
  4000 | D:5      | Noticed Cadnt's ghost (novice HuMo)
  4078 | D:5      | Noticed Dowan
  4114 | D:6      | Reached * piety under Makhleb
  4115 | D:6      | Reached skill level 8 in Long Blades
  4386 | D:6      | Reached XP level 8. HP: 48/56 MP: 8/8
  4518 | D:6      | Identified the +1 robe of Lugonu's Condemnation {Dex+4}
  4557 | D:6      | Noticed Blork the orc
  4569 | D:6      | Killed Blork the orc
  4570 | D:6      | Reached skill level 9 in Long Blades
  5284 | D:7      | Reached skill level 5 in Dodging
  5300 | D:7      | Reached skill level 10 in Long Blades
  5326 | D:7      | Reached ** piety under Makhleb
  5327 | D:7      | Reached XP level 9. HP: 27/65 MP: 9/9
  5761 | D:8      | Killed from afar by an acid dragon

Illustrated notes

Levels and vault maps discovered:
D:1:      heliophobic_arrival_battle_scene, layout_loops_ring, minivault_23,
          amcnicky_mini_corridor_feature
D:2:      layout_basic
D:3:      layout_basic, gammafunk_ghost_arena
D:4:      layout_loops_cross, minmay_temple_entry_arrows, uniq_pikel,
          uniq_eustachio
D:5:      layout_gridville, ebering_ghost_rock_garden,
          nicolae_ossuary_entry_plus, uniq_duvessa, uniq_ijyb
D:6:      layout_rooms, uniq_blork_the_orc
D:7:      layout_rooms, minmay_manual_moon
D:8:      nzn_winding_woodlands_small [nzn_winding_woodlands_5x15_split_checker,
          nzn_winding_woodlands_center_lodge,
          nzn_winding_woodlands_5x15_pathside_ponds], layout_layer_cave,
          amethyst_overflow_temple_binary
Temple:   mainiacjoe_temple_big_plus

Skill      XL: |  1  2  3  4  5  6  7  8 |
---------------+-------------------------+-----
Stealth        | 2 4 5 |  5.6
Long Blades    | 5 7 8 10 | 10.5
Fighting       | 2 4 |  4.3
Dodging        | 5 |  5.8
Throwing       | |  1.5

Action                     |  1- 3 |  4- 6 |  7- 9 || total
---------------------------+-------+-------+-------++-------
  Melee: Long sword        |    96 |   101 |   128 ||   325
         Bite              |     7 |    10 |    31 ||    48
         Scimitar          |       |       |   117 ||   117
         Punch             |       |       |     4 ||     4
  Throw: Throwing net      |       |     3 |     1 ||     4
         Dart              |       |     1 |       ||     1
         Stone             |       |     2 |    19 ||    21
  Evoke: Wand              |       |       |     5 ||     5
    Use: Scroll            |       |    14 |       ||    14
         Potion            |       |       |     5 ||     5
   Stab: Sleeping          |     6 |     3 |     3 ||    12
         Held in net/web   |       |     2 |     1 ||     3
         Distracted        |       |       |     1 ||     1
 Armour: Leather armour    |    21 |       |       ||    21
         Ring mail         |    53 |    55 |   138 ||   246
  Dodge: Dodged            |    70 |    85 |   175 ||   330
